Match 42860781
Unlisted

Match 42860781
End
Vickers Machine Gun Team
Construct Section Command Post
Selects Heavy Armor Battlegroup
Infantry Section
ML 3-inch Mortar Team
Construct Platoon Command Post
Selects Rigorous Vehicle Training
Selects Forward Repair Assembly
CMP 15cwt Truck
6-pounder Anti-tank Gun Team
Infantry Section
Grenade Package
Infantry Section
Construct Company Command Post
Foot Guards Section
Selects Light Vehicle Withdraw and Refit
Selects Radio Net
Unlock M3 Grant Medium Tanks
M3 Grant Medium Tank
Foot Guards Section
Selects Recon Artillery
Selects Recon Artillery
Recon Artillery
M3 Grant Medium Tank
Radio Net
M3 Grant Medium Tank
Foot Guards Section
Recon Artillery
Radio Net
Radio Net
M3 Grant Medium Tank
Recon Artillery
Selects Churchill Black Prince Heavy Tank
Churchill Black Prince Heavy Tank
Royal Engineer Section
Recon Artillery
Foot Guards Section
Radio Net
Rainbow
Abeli
DontTread0nMe
Jayz
saruman
BIGDOC500000
丿寒芒
baegi
0
0

Comments sign in to comment!

No comments posted yet!